 Dungeon Crawl Stone Soup version 0.30-a0-373-gd37427bb62 (webtiles) character file.

Game seed: 16108082701499984265

18 funkygono the Firebug (level 2, -1/19 HPs)
             Began as a Demonspawn Fire Elementalist on Nov 24, 2022.
             Slain by a jackal (2 damage)
             ... on level 1 of the Dungeon.
             The game lasted 00:01:08 (588 turns).

funkygono the Firebug (Demonspawn Fire Elementalist) Turns: 588, Time: 00:01:08

Health: -1/19      AC:  2    Str:  8    XL:     2   Next: 48%
Magic:  0/5        EV: 12    Int: 16    God:
Gold:   16         SH:  0    Dex: 13    Spells: 2/5 levels left

rFire   . . .      SeeInvis .    (no weapon)
rCold   . . .      Faith    .    (no shield)
rNeg    . . .      Spirit   .    a - +0 robe
rPois   .          Reflect  .    (no helmet)
rElec   .          Harm     .    (no cloak)
rCorr   .          Rampage  .    (no gloves)
Will    .....                    (no boots)
Stlth   ++........               (no amulet)
HPRegen 0.23/turn                (no ring)
MPRegen 0.09/turn                (no ring)

@: no status effects
A: powered by pain 1
a: no special abilities


You were on level 1 of the Dungeon.
You visited 1 branch of the dungeon, and saw 1 of its levels.

You collected 16 gold pieces.

Inventory:

Armour
 a - a +0 robe (worn)
Scrolls
 c - 5 scrolls of identify {unknown}
Potions
 b - a potion of magic


   Skills:
 + Level 1.9 Dodging
 - Level 1.7 Stealth
 + Level 2.2 Spellcasting
 + Level 1.1 Conjurations
 + Level 3.2 Fire Magic


You had 2 spell levels left.
You knew the following spells:

 Your Spells              Type           Power      Damage    Failure   Level
a - Foxfire               Conj/Fire      32%        2x1d5     9%          1
b - Scorch                Fire           24%        2d6       9%          2

Your spell library contained the following spells:

 Spells                   Type           Power      Damage    Failure   Level
 Inner Flame              Hex/Fire       6%         N/A       30%         3
 Kindle Blastsparks       Fire/Tloc/Air  10%        2d10      36%         3
 Flame Wave               Conj/Fire      8%         2d5       63%         4


Dungeon Overview and Level Annotations

Branches:
Dungeon (1/15)

Altars:

Shops:
D:1 =


Innate Abilities, Weirdness & Mutations

You sometimes gain a little power by taking damage.


Message History

You conjure some foxfire!
The foxfire hits the jackal.
The jackal is heavily wounded.
The jackal bites you but does no damage.
Unknown command.
The foxfire hits the jackal but does no damage.
The jackal is heavily wounded.
The jackal barely misses you. The jackal bites you.
The jackal completely misses you. The jackal closely misses you.
The jackal attacks as you move away! The jackal completely misses you.
The jackal attacks as you move away! The jackal bites you.
The jackal closely misses you. The jackal attacks as you move away!
The jackal bites you.
* * * LOW HITPOINT WARNING * * *
The jackal bites you.
* * * LOW HITPOINT WARNING * * *
The jackal attacks as you move away! The jackal bites you.
* * * LOW HITPOINT WARNING * * *
The jackal closely misses you.
There is a stone staircase leading down here.
The jackal barely misses you.
Casting: Foxfire (safe; 9% risk of failure)
Confirm with . or Enter, or press ? or * to list all spells.
You conjure some foxfire!
The foxfire hits the jackal but does no damage.
The jackal is moderately wounded.
Casting: Foxfire (safe; 9% risk of failure)
Confirm with . or Enter, or press ? or * to list all spells.
You conjure some foxfire!
The foxfire hits the jackal but does no damage.
The jackal closely misses you.
Unknown command.
The foxfire hits the jackal.
You kill the jackal!
The foxfire hits the jackal.
The jackal is moderately wounded.
The jackal bites you.
* * * LOW HITPOINT WARNING * * *
The jackal bites you.
You die...

# ###.......#...#
#..#######...# #.## #...# #.#
#...# #.# #...# # #.# #...# ..
###.##### #...##### ...
#.......####.......# ....
..#.#.#.###.#@§.....##.# .....
........###Sh.......##.#......
###.#.##....#.#...#....†......
#.#.#.#.#.#.#...#.##.#.#.... .
#..###..#.#...#.##..... .. #
#.## ##S#.......(......!.
##.###.######.####.#.##..#
##.#.## #.# ##### ..# #..##
###.### .#


You could see a jackal and a ball python.

Vanquished Creatures
  3 bats (D:1)
  3 endoplasms (D:1)
  A giant cockroach (D:1)
  2 hobgoblins (D:1)
  A jackal (D:1)
  A kobold (D:1)
  2 quokkas (D:1)
  A ball python (D:1)
  2 frilled lizards (D:1)
16 creatures vanquished.

Vanquished Creatures (others)
  53 foxfires (D:1)
53 creatures vanquished.

Grand Total: 69 creatures vanquished

Notes
Turn   | Place    | Note
-------+----------+-------------------------------------------
     0 | D:1      | funkygono the Demonspawn Fire Elementalist began the quest
                  | for the Orb.
     0 | D:1      | Reached XP level 1. HP: 13/13 MP: 3/3
   136 | D:1      | Found Paceureu's Jewellery Boutique.
   232 | D:1      | Reached skill level 3 in Fire Magic
   255 | D:1      | Gained mutation: You sometimes gain a little power by
                  | taking damage. [demonic ancestry]
   255 | D:1      | Reached XP level 2. HP: 19/19 MP: 0/5
   258 | D:1      | Learned a level 2 spell: Scorch
   588 | D:1      | Slain by a jackal

Illustrated notes

Levels and vault maps discovered:
D:1:      psy_arrival_spokes, layout_loops_cross, serial_shops, shop_statue,
          ebering_dispersal_statue_hall

Skill      XL: |  1 |
---------------+----+-----
Fire Magic     | 3 |  3.2
Dodging        | |  1.9
Stealth        | |  1.7
Spellcasting   | |  2.2
Conjurations   | |  1.1

Action                   || total
-------------------------++-------
Melee: Unarmed           ||     1
       Punch             ||     1
 Cast: Foxfire           ||    34
Armor: Robe              ||     9
Dodge: Dodged            ||    22

Table legend: (Time is in decaauts)
 A = Elapsed time spent in this place.
 B = Non-inter-level travel time spent in this place.
 C = Inter-level travel time spent in this place.
 D = Time resting spent in this place.
 E = Time spent auto-exploring this place.
 F = Levels seen in this place.
 G = Mean time per level.
                   A        B        C        D        E       F      G
               +--------+--------+--------+--------+--------+-----+--------+
         Total |    588 |    588 |      0 |      0 |    442 |   1 |  588.0 |
       Dungeon |    588 |    588 |      0 |      0 |    442 |   1 |  588.0 |
               +--------+--------+--------+--------+--------+-----+--------+

Top non-repeatable levels by time:
     D:1: 588 daAuts
